AoeStats
← q.sonner

Arabia

509408651Analyzed
1v1 RM · 7d ago on Sep 26, 2026· 51m 53s· 2 players
Game mode
Random Map
Map size
Tiny (2 player)
Population
200
Speed
Normal
Resources
Standard
Victory
Conquest
Starting age
Dark Age
Ending age
Imperial Age
RankedLock teamsTeams togetherTeam positionsShared explorationLock speedFull tech treeHidden civsTurbo modeCheats
Victory
Defeat
🇩🇪 Mongols · Germany
546
+14
🇩🇪 Byzantines · Germany
505
-14
q.sonner
11:11 Feudal Age
13:20 Horse Collar
15:18 Double-Bit Axe
22:39 Castle Age
26:13 Heavy Plow
28:37 Scale Barding Armor
30:11 Husbandry
31:14 Chain Barding Armor
37:21 Imperial Age
35:31 Wheelbarrow
35:14 Squires
34:35 Pikeman
36:18 Scale Mail Armor
37:49 Elite Skirmisher
38:35 Thumb Ring
38:05 Heavy Camel Rider
40:37 Conscription
42:16 Murder Holes
43:27 Chemistry
42:25 Gold Mining
42:10 Cavalier
44:53 Crop Rotation
44:50 Ballistics
45:18 Hand Cart
45:24 Hand Cart
51:31 Loom
Зŋτə.
10:47 Feudal Age
12:04 Double-Bit Axe
12:02 Horse Collar
18:39 Castle Age
16:26 Loom
19:07 Light Cavalry
20:53 Forging
20:49 Scale Barding Armor
23:21 Bloodlines
23:11 Husbandry
24:20 Heavy Plow
24:33 Bow Saw
24:37 Gold Mining
30:41 Iron Casting
30:27 Chain Barding Armor
30:15 Crossbowman
31:25 Thumb Ring
33:07 Fletching
33:18 Padded Archer Armor
33:45 Ballistics
34:29 Bodkin Arrow
34:50 Leather Archer Armor
40:27 Imperial Age
41:38 Gold Shaft Mining
40:55 Stone Mining
40:38 Capped Ram
42:26 Blast Furnace
41:28 Bracer
42:33 Chemistry
42:06 Parthian Tactics
42:26 Drill
42:32 Siege Engineers
42:43 Siege Ram
47:01 Wheelbarrow
46:13 Town Watch
46:13 Hussar
Connection lost

Rejoining the realm…

Still unreachable

The connection could not be restored.

Session expired

The server has moved on; the page needs a fresh start.